 Dungeon Crawl Stone Soup version 0.26.1-11-gd32895ea62 (webtiles) character file.

Game seed: 2881757489379009332

1318 Zeld the Magician (level 8, 0/52 HPs)
             Began as an Octopode Fighter on May 10, 2021.
             Slain by a killer bee (7 damage)
             ... on level 6 of the Dungeon.
             The game lasted 00:08:21 (10081 turns).

Zeld the Magician (Octopode Fighter)               Turns: 10081, Time: 00:08:22

Health: 0/52       AC:  1    Str: 24    XL:     8   Next: 59%
Magic:  18/18      EV: 11    Int: 10    God:
Gold:   321        SH:  9    Dex: 11    Spells: 21/21 levels left

rFire    . . .     SeeInvis .   a - +1 war axe
rCold    . . .     Faith    .   b - +0 kite shield
rNeg     . . .     Spirit   .   i - +0 hat
rPois    .         Reflect  .   (no amulet)
rElec    .         Harm     .   s - ring of stealth
rCorr    .         Rampage  .   n - +6 ring of strength
Will     .....                  (no ring)
Stlth    +++.......             (no ring)
HPRegen  0.17/turn              (no ring)
MPRegen  0.16/turn              (no ring)
                                (no ring)
                                (no ring)

@: brilliant, lethally poisoned (0 -> -14)
A: almost no armour, stealthy swim, amphibious, 8 rings, constrict 8, camouflage
1, gelatinous body 1
a: no special abilities


You were on level 6 of the Dungeon.
You visited 1 branch of the dungeon, and saw 6 of its levels.

You collected 321 gold pieces.

Inventory:

Hand Weapons
 a - a +1 war axe (weapon)
Missiles
 e - 23 poisoned darts (quivered)
 k - 2 javelins
 v - 3 boomerangs
Armour
 b - a +0 kite shield (worn)
 i - a +0 hat (worn)
Jewellery
 n - a +6 ring of strength (right tentacle)
 s - a ring of stealth (left tentacle)
Wands
 j - a wand of iceblast (8)
 t - a wand of polymorph (11)
Scrolls
 g - 4 scrolls of remove curse
 h - a scroll of magic mapping
 o - a scroll of teleportation {unknown}
 p - a scroll of random uselessness {unknown}
 u - a scroll of identify
 w - a scroll of noise {unknown}
Potions
 c - a potion of flight {unknown}
 d - a potion of curing {unknown}
 f - a potion of heal wounds {unknown}
 l - 2 potions of berserk rage {unknown}
 m - 2 potions of brilliance
 q - 2 potions of might
 r - a potion of lignification {unknown}
 x - a potion of haste {unknown}


   Skills:
 - Level 3.2 Fighting
 - Level 2.3 Axes
 + Level 5.5 Throwing
 - Level 3.0 Dodging
 - Level 3.2 Shields
 * Level 7.3 Spellcasting


You had 21 spell levels left.
You didn't know any spells.
Your spell library contained the following spells:

 Spells                   Type           Power        Failure   Level
 Magic Dart               Conj           20%          63%         1
 Blink                    Tloc           N/A          77%         2
 Call Imp                 Summ           5%           77%         2
 Slow                     Hex            5%           77%         2
 Conjure Flame            Conj/Fire      5%           94%         3
 Mephitic Cloud           Conj/Pois/Air  5%           94%         3


Dungeon Overview and Level Annotations

Branches:
Dungeon (6/15)
 Temple: D:4-7

Altars:
Kikubaaqudgha

Shops:
D:4 =


Innate Abilities, Weirdness & Mutations

You cannot wear most types of armour.
You are very stealthy in the water. (Stealth+)
You are amphibious.
You can wear up to eight rings at the same time.
You can use your tentacles to constrict eight enemies at once.
Your skin changes colour to match your surroundings (Stealth+).
Your rubbery body absorbs attacks. (AC +1, EV +1)


Message History

You squeeze the killer bee, but do no damage.
You feel sick. The killer bee misses you. The killer bee stings you.
You are lethally poisoned!
The killer bee poisons you! You block the killer bee's attack.
You closely miss the killer bee. Your grab misses the killer bee.
You feel sick. You block the killer bee's attack. The killer bee misses you.
You block the killer bee's attack.
You closely miss the killer bee. You grab the killer bee.
You constrict the killer bee.
* * * LOW HITPOINT WARNING * * *
You feel very sick. The killer bee stings you.
* * * LOW HITPOINT WARNING * * *
The killer bee stings you but does no damage.
It was a potion of brilliance.
You feel clever all of a sudden.
You constrict the killer bee.
* * * LOW HITPOINT WARNING * * *
You feel sick. You block the killer bee's attack. The killer bee stings you!
You die...

...# .. #.# ...#
#.# #.# )..# #..
#.# #### #.##.# #
#..#.# # ##.#.# #
#...# # ##.y### ###
#.>@.# ..# ####.#
..###############.#
..................#
..#################
..# #...†.# ..#
#.###.####### ..#
#.#........<# ..#
#.#.#.#######


You could see a killer bee.

Vanquished Creatures
  Sigmund (D:2)
  3 phantoms
  An ice beast (D:6)
  A big kobold (D:5)
  A killer bee (D:6)
  A jelly (D:5)
  An orc priest (D:6)
  6 orc wizards
  Crazy Yiuf (D:4)
  2 iguanas
  3 worker ants
  A hound skeleton (D:5)
  11 gnolls
  9 adders
  An ooze (D:1)
  5 dart slugs
  5 leopard geckos
  12 orcs
  9 bats
  3 giant cockroaches
  9 goblins
  3 hobgoblins
  15 jackals
  12 kobolds
  4 quokkas
  5 frilled lizards
  A quokka skeleton (D:4)
  3 rats (D:1)
129 creatures vanquished.

Vanquished Creatures (others)
  A human (D:4)
  2 fungi (D:4)
3 creatures vanquished.

Grand Total: 132 creatures vanquished

Notes
Turn   | Place    | Note
-------+----------+-------------------------------------------
     0 | D:1      | Zeld the Octopode Fighter began the quest for the Orb.
     0 | D:1      | Reached XP level 1. HP: 16/16 MP: 1/1
   261 | D:1      | Reached XP level 2. HP: 20/21 MP: 2/2
   477 | D:1      | Reached XP level 3. HP: 25/26 MP: 2/4
   570 | D:1      | Reached skill level 1 in Spellcasting
  1002 | D:1      | Reached skill level 1 in Throwing
  1591 | D:2      | Reached XP level 4. HP: 26/31 MP: 6/6
  1726 | D:2      | Noticed Sigmund
  1765 | D:1      | Reached skill level 2 in Spellcasting
  2029 | D:2      | Killed Sigmund
  2030 | D:2      | Reached skill level 3 in Spellcasting
  2030 | D:2      | Reached XP level 5. HP: 27/36 MP: 7/10
  2335 | D:2      | Reached XP level 6. HP: 42/42 MP: 11/11
  2495 | D:2      | Found a faded altar of an unknown god.
  2937 | D:3      | Reached skill level 4 in Spellcasting
  3545 | D:4      | Noticed a phantom
  3629 | D:4      | Noticed a phantom
  4377 | D:4      | Found Tomutesu's Jewellery Emporium.
  4633 | D:4      | Found an ancient bone altar of Kikubaaqudgha.
  4638 | D:4      | Noticed a human
  4639 | D:4      | Killed a human
  4691 | D:4      | Reached XP level 7. HP: 46/46 MP: 14/14
  5261 | D:4      | Found a runed translucent door.
  5262 | D:4      | Noticed Crazy Yiuf
  5268 | D:4      | Killed Crazy Yiuf
  5365 | D:4      | Found Tomutesu's Jewellery Emporium.
  5456 | D:4      | Found an ancient bone altar of Kikubaaqudgha.
  6151 | D:3      | Reached skill level 5 in Spellcasting
  7206 | D:5      | Entered Level 5 of the Dungeon
  7599 | D:5      | Reached skill level 6 in Spellcasting
  7841 | D:5      | Reached XP level 8. HP: 44/52 MP: 17/17
  7970 | D:5      | Found an ancient bone altar of Kikubaaqudgha.
  8307 | D:5      | Reached skill level 5 in Throwing
  8823 | D:6      | Reached skill level 7 in Spellcasting
 10081 | D:6      | Slain by a killer bee

Illustrated notes

Levels and vault maps discovered:
D:1:      minmay_arrival_shattered_statue, layout_loops_ring
D:2:      layout_loops_ring, chequers_ecumenical_altar_island, uniq_sigmund
D:3:      layout_loops_ring
D:4:      layout_loops_corners, serial_shops, nicolae_shop_window_shopping,
          tgw_kikubaaqudgha, uniq_crazy_yiuf_cottage
D:5:      layout_loops_ring, basic_altar, minmay_misc_feat_room
D:6:      layout_basic

Skill      XL: |  1  2  3  4  5  6  7  8 |
---------------+-------------------------+-----
Spellcasting   | 1 3 4 6 7 |  7.3
Throwing       | 1 2 3 4 5 |  5.5
Fighting       | |  3.2
Axes           | |  2.3
Dodging        | |  3.0
Shields        | |  3.2

Action                   |  1- 3 |  4- 6 |  7- 9 || total
-------------------------+-------+-------+-------++-------
Melee: War axe           |    69 |    88 |   117 ||   274
       Constrict         |    13 |    28 |    27 ||    68
       Tentacles         |     9 |    15 |    31 ||    55
Throw: Dart              |       |     2 |     1 ||     3
       Boomerang         |       |       |     3 ||     3
       Javelin           |       |       |     1 ||     1
  Use: Potion            |       |     1 |     1 ||     2
       Scroll            |       |       |     6 ||     6
 Stab: Sleeping          |     8 |     4 |     5 ||    17
Armor: Skin              |     5 |     6 |     5 ||    16
Dodge: Dodged            |    27 |    52 |    43 ||   122
Block: Kite shield       |    21 |    52 |    54 ||   127
